 Dungeon Crawl Stone Soup version 0.23-a0-183-gf37f6fb (webtiles) character file.

9 galech the Skirmisher (level 2, 24/24 HPs)
             Began as a Demonspawn Fighter on Sept 21, 2018.
             Quit the game on level 1 of the Dungeon.
             The game lasted 00:00:29 (336 turns).

galech the Skirmisher (Demonspawn Fighter)           Turns: 336, Time: 00:00:30

Health: 24/24      AC:  9    Str: 16    XL:     2   Next: 6%
Magic:  2/2        EV:  4    Int:  9    God:
Gold:   46         SH:  8    Dex: 12    Spells: 1/1 levels left

rFire    . . .     SeeInvis .   a - +0 war axe
rCold    . . .     Gourm    .   c - +0 shield
rNeg     . . .     Faith    .   l - +0 chain mail
rPois    .         Spirit   .   (no helmet)
rElec    .         Reflect  .   (no cloak)
rCorr    .         Harm     .   (no gloves)
MR       .....                  (no boots)
Stlth    ..........             (no amulet)
HPRegen  0.08/turn              k - ring of flight
MPRegen  0.08/turn              (no ring)

@: no status effects
A: rot immunity
a: Evoke Flight


You were on level 1 of the Dungeon.
You were not hungry.

You visited 1 branch of the dungeon, and saw 1 of its levels.

You collected 46 gold pieces.

Inventory:

Hand Weapons
 a - a +0 war axe (weapon)
Armour
 c - a +0 shield (worn)
 l - a +0 chain mail (worn)
Jewellery
 k - a ring of flight (left hand)
Scrolls
 g - a scroll of blinking {unknown}
 h - a scroll of magic mapping {unknown}
 j - a scroll of enchant armour {unknown}
Potions
 d - a potion of might
 e - a potion of curing {unknown}
Comestibles
 f - a ration
 i - a chunk of flesh


   Skills:
 + Level 3.1 Fighting
 + Level 1.8 Axes
 + Level 2.9 Armour
 + Level 2.8 Shields


You had one spell level left.
You didn't know any spells.
Your spell library was empty.

Dungeon Overview and Level Annotations

Branches:
Dungeon (1/15)

Altars:


Innate Abilities, Weirdness & Mutations

You are immune to rotting.


Message History

Found a chain mail.
No target in view!
You see here a chain mail.
l - a chain mail You start removing your armour.
You continue taking off your +0 scale mail. x4
You finish taking off your +0 scale mail.
You start putting on your armour.
You continue putting on your chain mail. x5
You finish putting on your +0 chain mail.
Drop what? 12/52 slots (_ for help) (? for menu, Esc to quit)
You drop a +0 scale mail.
A leopard gecko comes into view.
The leopard gecko hisses angrily.
You slash the leopard gecko!
You kill the leopard gecko!
You have reached level 2!
Your demonic ancestry asserts itself...
You feel immune to rotting.
Are you sure you want to abandon this character and quit the game? (Confirm

# #.########.......#).(((..... #
#...........###....##.#(.... #
#..#######...#.....##.#.###. #
#..# ##.#.#######.#.# #. #
####..########.#.# #.#.###. #
#..............#.# #.#..... #
#.###...#..#..##.## #.#.##..
###.##.......#..#...######.#.###.
##.#.#....#.###.@..........#.# #.
..###)...#...#......########.# #.
##.#.........#...#.## #.# #.
#........#......##.# #.# #.
#.#....#####....##.# #.# #
..............####.. #.#
.....#...#....# ###
..............#
..#.##.#.#....####


There were no monsters in sight!

Vanquished Creatures
  A leopard gecko (D:1)
  A giant cockroach (D:1)
  2 hobgoblins (D:1)
  2 bats (D:1)
  2 frilled lizards (D:1)
  A kobold (D:1)
9 creatures vanquished.

Notes
Turn   | Place    | Note
-------+----------+-------------------------------------------
     0 | D:1      | galech the Demonspawn Fighter began the quest for the Orb.
     0 | D:1      | Reached XP level 1. HP: 18/18 MP: 1/1
   335 | D:1      | Gained mutation: You are immune to rotting. [demonic
                  | ancestry]
   335 | D:1      | Reached XP level 2. HP: 24/24 MP: 2/2
   336 | D:1      | Quit the game

Vault maps used:
D:1:      tarquinn_simple_flora_water_a, hangedman_decor_lopped, fountainhead,
          minmay_distorted

Action                   || total
-------------------------++-------
Melee: War axe           ||    16
Armor: Scale mail        ||     6
Dodge: Dodged            ||     2
Block: Shield            ||     8

Table legend:
 A = Non-vault XP
 B = Vault XP
 C = Vault XP percentage of total XP
 D = Non-vault monster count
 E = Vault monster count
 F = Vault count percentage of total count
                 A         B        C        D         E       F
            +---------+---------+-------+---------+---------+-------
      Total |      13 |       1 |   7.1 |       8 |       1 |  11.1
            +---------+---------+-------+---------+---------+-------
        D:1 |      13 |       1 |   7.1 |       8 |       1 |  11.1
            +---------+---------+-------+---------+---------+-------
